 Dungeon Crawl Stone Soup version 0.28.0-47-ge53b351184 (webtiles) character file.

Game seed: 3129573656683164228

1122 101zpm the Magician (level 8, -9/45 HPs)
             Began as a Djinni Fire Elementalist on May 4, 2022.
             Was a Follower of Hepliaklqana.
             Mangled by an anaconda (shapeshifter) (16 damage)
             ... on level 9 of the Dungeon.
             The game lasted 00:12:29 (6925 turns).

101zpm the Magician (Djinni Fire Elementalist)      Turns: 6925, Time: 00:12:30

Health: -9/45      AC:  2    Str:  7    XL:     8   Next: 61%
Gold:   114        EV:  9    Int: 20    God:    Hepliaklqana [*.....] SH:  0 Dex: 13

rFire   + + .      SeeInvis .   (no weapon)
rCold   x . .      Faith    .   (no shield)
rNeg    . . .      Spirit   .   a - +0 robe
rPois   ∞          Reflect  .   (no helmet)
rElec   .          Harm     .   (no cloak)
rCorr   .          Rampage  .   (no gloves)
Will    .....                   (boots unavailable)
Stlth   ++........              (no amulet)
HPRegen 0.15/turn               (no ring)
MPRegen 0.00/turn               (no ring)

@: flying, constricted
A: reduced essence, sickness immunity, fire resistance 2, cold vulnerability 1,
float, innate caster, HP casting, extra vitality 1
a: Renounce Religion, Recall Ancestor, Ancestor Identity


You were on level 9 of the Dungeon.
You worshipped Hepliaklqana.
Hepliaklqana was aware of your devotion.
You visited 2 branches of the dungeon, and saw 9 of its levels.

You collected 114 gold pieces.

Inventory:

Armour
 a - a +0 robe (worn)
 k - a +0 pair of gloves
Jewellery
 h - a ring of see invisible
Wands
 i - a wand of polymorph (16)
Scrolls
 b - 4 scrolls of identify {unknown}
 f - a scroll of torment {unknown}
 g - 2 scrolls of magic mapping {unknown}
Potions
 c - a potion of attraction {unknown}
 d - a potion of curing {unknown}
 e - a potion of heal wounds {unknown}
 j - a potion of might {unknown}


   Skills:
 + Level 0.1 Fighting
 + Level 2.6 Dodging
 + Level 2.8 Stealth
 + Level 7.4 Spellcasting


You had 3 spell levels left.
You knew the following spells:

 Your Spells              Type           Power      Damage    Failure   Level
a - Foxfire               Conj/Fire      100%       2x1d9     1%          1
b - Scorch                Fire           74%        2d9       1%          2
c - Conjure Flame         Conj/Fire      37%        6-21      1%          3
d - Inner Flame           Hex/Fire       37%        N/A       1%          3
e - Flame Wave            Conj/Fire      37%        2d9       4%          4
f - Beastly Appendage     Tmut           74%        N/A       1%          1
g - Corpse Rot            Necr/Air       74%        N/A       1%          2
h - Static Discharge      Conj/Air       37%        N/A       1%          2
Your spell library was empty.

Dungeon Overview and Level Annotations

Branches:
Dungeon (9/15)             Temple (1/1) D:5
   Lair: D:8-11         Orc: D:9-12

Altars:
Ashenzari
Cheibriados
Dithmenos
Elyvilon
Fedhas
Gozag
Hepliaklqana
Kikubaaqudgha
Makhleb
Nemelex Xobeh
Okawaru
Qazlal
Ru
Sif Muna
Trog
Uskayaw
Vehumet
Wu Jian
Xom
Yredelemnul
Zin
The Shining One

Shops:
D:1 !


Innate Abilities, Weirdness & Mutations

Your life essence is reduced to manifest your ancestor. (-10% HP)
You are immune to sickness and miasma.
You are immune to poison.
Your flesh is very heat resistant. (rF++)
You are vulnerable to cold. (rC-)
You float through the air rather than walking.
You learn spells naturally, not from books.
Your magical power is your life essence.
You have superior vitality. (+4 MHP)


Message History

Flames lash the anaconda.
The anaconda is lightly wounded.
The anaconda's fire resistance burns away.
The foxfire hits the anaconda but does no damage.
The anaconda is lightly wounded.
The foxfire hits the anaconda.
The anaconda is burned terribly!
The anaconda is lightly wounded.
The anaconda closely misses you. x2
Libusa hits the anaconda but does no damage.
Casting: Scorch (safe; 1% risk of failure)
Confirm with . or Enter, or press ? or * to list all spells.
Flames lash the anaconda.
The anaconda is burned terribly!
The anaconda is heavily wounded.
The anaconda grabs you. The anaconda barely misses you.
The anaconda constricts you. The anaconda bites you!
The anaconda constricts you.
Libusa barely misses the anaconda.
Casting: Scorch (safe; 1% risk of failure)
Confirm with . or Enter, or press ? or * to list all spells.
There is nothing fresh enough to decay nearby.
Casting: Corpse Rot (safe; 1% risk of failure)
Confirm with . or Enter, or press ? or * to list all spells.
Okay, then.
Casting: Corpse Rot (safe; 1% risk of failure)
Confirm with . or Enter, or press ? or * to list all spells.
The anaconda is struck by an arc of lightning.
The anaconda is heavily wounded.
The lightning grounds out.
Libusa avoids your attack. The anaconda barely misses you.
The anaconda constricts you.
Libusa hits the anaconda.
The anaconda bites Libusa!
The anaconda constricts you.
* * * LOW HITPOINT WARNING * * *
Casting: Static Discharge (safe; 1% risk of failure)
Confirm with . or Enter, or press ? or * to list all spells.
Flames lash the anaconda.
The anaconda is heavily wounded.
* * * LOW HITPOINT WARNING * * *
The anaconda closely misses you. The anaconda constricts you.
* * * LOW HITPOINT WARNING * * *
Libusa hits the anaconda.
The anaconda bites you!
You die...
PP..

P....... ....
....... +....
...... #....
#....#
#.....#....#
#.....#....#
#.....SR...#
#@...# #....#
##'### #....#
#.[..# #....#
#....#
.########....#
#...........##'###


You could see the friendly Libusa the ancestor and an anaconda (combustible,
ally target).

Vanquished Creatures
  An acid dragon (D:9)
  Duvessa (D:5)
  2 orc warriors (D:9)
  A necrophage (D:5)
  A centaur (D:5)
  Blork the orc (D:5)
  A scorpion (D:5)
  Dowan (D:5)
  A water moccasin skeleton (D:5)
  A bullfrog zombie (D:5)
  2 hounds
  A centaur zombie (D:9)
  An orc priest (D:9)
  2 orc wizards (D:9)
  5 adders
  An ufetubus (D:5)
  An adder skeleton (D:5)
  A worm (D:2)
  2 dart slugs
  24 orcs
  2 ball pythons
  An endoplasm (D:1)
  A giant cockroach (D:2)
  4 goblins (D:2)
  4 hobgoblins
  2 kobolds (D:2)
  3 quokkas (D:2)
  3 bats
  A frilled lizard (D:2)
  3 rats
75 creatures vanquished.

Vanquished Creatures (others)
  A bush (D:9)
  441 foxfires
  15 plants (D:9)
457 creatures vanquished.

Grand Total: 532 creatures vanquished

Notes
Turn   | Place    | Note
-------+----------+-------------------------------------------
     0 | D:1      | 101zpm the Djinni Fire Elementalist began the quest for the
                  | Orb.
     0 | D:1      | Reached XP level 1. HP: 15/15 MP: 0/0
   229 | D:1      | Found Pylum's Distillery.
   364 | D:1      | Reached XP level 2. HP: 14/21 MP: 0/0
   633 | D:2      | Reached skill level 3 in Spellcasting
   633 | D:2      | Reached XP level 3. HP: 9/25 MP: 0/0
   633 | D:2      | Learned a level 1 spell: Beastly Appendage
  2036 | D:2      | Reached XP level 4. HP: 27/31 MP: 0/0
  3531 | D:4      | Reached XP level 5. HP: 31/35 MP: 0/0
  3531 | D:4      | Learned a level 2 spell: Corpse Rot
  3536 | D:4      | Reached skill level 4 in Spellcasting
  3925 | D:5      | Entered Level 5 of the Dungeon
  3998 | D:5      | Reached XP level 6. HP: 21/40 MP: 0/0
  4212 | D:5      | Found a staircase to the Ecumenical Temple.
  4229 | Temple   | Entered the Ecumenical Temple
  4839 | Temple   | Became a worshipper of Hepliaklqana the Forgotten
  4937 | D:5      | Found a hide-covered altar of Uskayaw.
  5009 | D:5      | Reached skill level 5 in Spellcasting
  5467 | D:6      | Noticed an ogre
  5493 | D:5      | Noticed a necrophage
  5501 | D:5      | Killed a necrophage
  5502 | D:5      | Reached XP level 7. HP: 33/45 MP: 0/0
  5502 | D:5      | Learned a level 2 spell: Static Discharge
  5507 | D:5      | Noticed Blork the orc
  5510 | D:5      | Killed Blork the orc
  5747 | D:5      | Noticed Duvessa
  5747 | D:5      | Noticed Dowan
  5760 | D:5      | Killed Dowan
  5760 | D:5      | Killed Duvessa
  5761 | D:5      | Reached skill level 6 in Spellcasting
  6311 | D:5      | You are sucked into a shaft and drop 3 floors!
  6336 | D:9      | Reached XP level 8. HP: 45/50 MP: 0/0
  6517 | D:9      | Reached * piety under Hepliaklqana
  6718 | D:9      | Reached skill level 7 in Spellcasting
  6918 | D:9      | Noticed an anaconda
  6925 | D:9      | Mangled by an anaconda (shapeshifter)

Illustrated notes

Levels and vault maps discovered:
D:1:      dpeg_arrival_shelter, layout_loops_ring,
          hellmonk_ecumenical_altar_slurped_away, serial_shops,
          nicolae_diamond_shop, chequers_serial_rivers_large_a
D:2:      layout_rooms, roderic_roman_lattice, hangedman_decor_push
D:3:      layout_basic, st_stairs_11, chequers_serial_rivers_marsh,
          lemuel_old_faithful
D:4:      layout_gridville
D:5:      cheibrodos_helix_gallery, layout_loops_corners,
          nicolae_uskayaw_dance_hall, minmay_temple_entry_glass,
          minmay_strange_pillars, uniq_duvessa, uniq_blork_the_orc
D:6:      layout_layer_cave, serial_shops, shop_statue, uniq_edmund, uniq_maggie
D:8:      minmay_bubble_buster, layout_basic, lair_entry_dummy
D:9:      layout_grid_maze, david_orc_1_choice, minivault_16, kennysheep_boxes
Temple:   mainiacjoe_temple_starburst

Skill      XL: |  1  2  3  4  5  6  7  8 |
---------------+-------------------------+-----
Spellcasting   | 3 4 5 6 7 |  7.4
Stealth        | 2 |  2.8
Fighting       | |  0.1
Dodging        | |  2.6

Action                   |  1- 3 |  4- 6 |  7- 9 || total
-------------------------+-------+-------+-------++-------
 Cast: Foxfire           |    94 |   110 |    67 ||   271
       Scorch            |     7 |    13 |    10 ||    30
       Inner Flame       |       |    17 |    21 ||    38
       Conjure Flame     |       |     2 |       ||     2
       Static Discharge  |       |       |     3 ||     3
       Beastly Appendage |       |       |     2 ||     2
Armor: Robe              |       |     2 |       ||     2
Dodge: Dodged            |     2 |     3 |     6 ||    11
